 Dungeon Crawl Stone Soup version 0.22.1-2-g9c5b331 (console) character file.

110 Pavgran the Insei (level 4, -5/36 HPs)
             Began as a Draconian Transmuter on Nov 14, 2018.
             Killed from afar by an orc wizard (11 damage)
             ... with a puff of frost
             ... on level 3 of the Dungeon.
             The game lasted 00:14:25 (2768 turns).

Pavgran the Insei (Draconian Transmuter)            Turns: 2768, Time: 00:14:25

Health: -5/36      AC:  5    Str: 12    XL:     4   Next: 61%
Magic:  7/7        EV: 12    Int: 14    God:
Gold:   88         SH:  0    Dex: 12    Spells: 7/8 levels left

rFire    . . .     SeeInvis .     - Unarmed
rCold    . . .     Gourm    .   (no shield)
rNeg     . . .     Faith    .   (armour unavailable)
rPois    .         Spirit   .   (helmet restricted)
rElec    .         Reflect  .   (no cloak)
rCorr    .         Harm     .   (no gloves)
MR       .....                  (no boots)
Stlth    +.........             (no amulet)
HPRegen  0.12/turn              (no ring)
MPRegen  0.10/turn              (no ring)

@: no status effects
A: unfitting armour, cold-blooded, AC +5
a: no special abilities


You were on level 3 of the Dungeon.
You were not hungry.

You visited 1 branch of the dungeon, and saw 3 of its levels.

You collected 88 gold pieces.

Inventory:

Missiles
 a - 12 arrows
Jewellery
 j - a cursed ring of attention {unknown}
Scrolls
 b - a scroll of teleportation
 e - 4 scrolls of identify
 f - a scroll of fog {unknown}
 i - a scroll of enchant weapon
Potions
 d - 2 potions of haste
 g - a potion of degeneration
 h - a potion of flight {unknown}
Comestibles
 c - 5 rations


   Skills:
 + Level 2.2 Fighting
 + Level 2.0 Dodging
 + Level 0.3 Stealth
 + Level 3.5 Unarmed Combat
 + Level 2.6 Spellcasting
 * Level 3.3 Transmutations


You had 7 spell levels left.
You knew the following spells:

 Your Spells              Type           Power        Failure   Level  Hunger
a - Beastly Appendage     Tmut           ##....       6%          1    #......

Your spell library contained the following spells:

 Spells                   Type           Power        Failure   Level  Hunger
 Sticks to Snakes         Tmut           ##......     9%          2    ###....
 Spider Form              Tmut/Pois      #.........   34%         3    ###....
 Ice Form                 Ice/Tmut       #.......     75%         4    #####..
 Blade Hands              Tmut           ##........   85%         5    ######.


Dungeon Overview and Level Annotations

Branches:
Dungeon (3/15)

Altars:


Innate Abilities, Weirdness & Mutations

Your plain brown scales are hard. (AC +5)
You cannot fit into any form of body armour.
You are cold-blooded and may be slowed by cold attacks.


Message History

You hit the orc wizard but do no damage.
Your tail-slap misses the orc wizard.
The orc wizard is almost dead.
The orc wizard hits you but does no damage. x2
You barely miss the orc wizard.
The orc wizard is almost dead.
Your horns disappear.
The orc wizard completely misses you.
You completely miss the orc wizard. Your punch misses the orc wizard.
The orc wizard is almost dead.
The orc wizard completely misses you. The orc wizard closely misses you.
You hit the orc wizard but do no damage.
The orc wizard is almost dead.
The orc wizard closely misses you.
You barely miss the orc wizard.
The orc wizard is almost dead.
The orc wizard hits you but does no damage.
The orc wizard casts a spell at you. The puff of frost hits you!
You die...

#.....#.# #...#
#######.# #...# #.#
#...# ## #.# #...# ###.
#.# #...# #.... #.#
#...# #.... #.# #...#
#..... #.# ..# #...#
###...# #.# ....# #...#
.......##.# #.#.# #...#
.......@..# #.#.# #....
......o#### #.#.# #..##
....... #.##.#.# #....
....... ...#.####.##
.......#######.#<.......
......................##
....... ######.##.....#.
....... #.##.....#.
#.##.....#. #.######.##
#l# #...


You could see an orc wizard.

Vanquished Creatures
  3 adders
  3 oozes
  A worm (D:2)
  A dart slug (D:1)
  4 leopard geckos
  5 orcs (D:3)
  A ball python (D:3)
  A bat (D:3)
  A giant cockroach (D:2)
  5 goblins
  7 hobgoblins
  7 jackals
  4 kobolds
  4 frilled lizards
  6 rats
53 creatures vanquished.

Notes
Turn   | Place    | Note
-------+----------+-------------------------------------------
     0 | D:1      | Pavgran the Draconian Transmuter began the quest for the
                  | Orb.
     0 | D:1      | Reached XP level 1. HP: 16/16 MP: 3/3
   291 | D:1      | Reached XP level 2. HP: 12/23 MP: 5/5
  1066 | D:1      | Reached XP level 3. HP: 25/28 MP: 6/6
  1901 | D:2      | Reached XP level 4. HP: 25/36 MP: 7/7
  2768 | D:3      | Killed from afar by an orc wizard

Skill      XL: |  1  2  3 |
---------------+----------+-----
Dodging        | 2 |  2.0
Fighting       | 2 |  2.2
Transmutations | 3 |  3.3
Stealth        | |  0.3
Unarmed Combat | |  3.5
Spellcasting   | |  2.6

Action                   |  1- 3 |  4- 6 || total
-------------------------+-------+-------++-------
Melee: Unarmed           |   147 |   111 ||   258
       Tailslap          |     9 |     5 ||    14
       Kick              |     1 |     3 ||     4
       Headbutt          |     2 |     2 ||     4
       Punch             |     1 |       ||     1
 Cast: Beastly Appendage |     4 |     4 ||     8
  Use: Scroll            |       |     4 ||     4
       Potion            |       |     1 ||     1
 Stab: Sleeping          |     3 |       ||     3
  Eat: Ration            |     1 |     1 ||     2
       Chunk             |       |     2 ||     2
Armor: Skin              |    33 |    27 ||    60
Dodge: Dodged            |    82 |    50 ||   132
